 Dungeon Crawl Stone Soup version 0.22.1-2-g9c5b331 (webtiles) character file.

576787 calasmere the Impregnable (level 26, -20/175 HPs)
             Began as a Gargoyle Fighter on Dec 26, 2018.
             Was a High Priest of Ru.
             Killed from afar by a lich (97 damage)
             ... with a bolt of fire
             ... on level 4 of the Abyss.
             The game lasted 02:25:06 (59113 turns).

calasmere the Impregnable (Gargoyle Fighter)       Turns: 59113, Time: 02:25:07

Health: -20/175    AC: 60    Str: 33    XL:     26   Next: 53%
Magic:  24/30      EV: 12    Int: 19    God:    Ru [*****.]
Gold:   5135       SH: 32    Dex:  7    Spells: 25/25 levels left

rFire    x . .     SeeInvis +   w - +5 eveningstar of Starshine {holy, Dex+4}
rCold    + + +     Gourm    .   Y - +8 large shield {rN+}
rNeg     + + +     Faith    .   T - +8 orange crystal plate armour {Archmagi, Int+3 Clar}
rPois    ∞         Spirit   .   U - +1 helmet of Cesoifi {Str+2 Int-4 Slay+2}
rElec    +         Reflect  .   i - +0 cloak of the Old World {rF- rC+ MR+ rCorr}
rCorr    +         Harm     .   P - +2 pair of gloves "Rufran" {rPois rC+ Int+7 Slay+2}
MR       ++...     Clarity  +   H - +2 pair of boots {run} Stlth ..........Rnd*Tele +
                                c - amulet "Parumnin" {rN+ Regen+ SInv Stlth-}
HPRegen  0.79/turn              n - +3 ring of slaying
MPRegen  0.22/turn              W - ring of Acefu {rPois rC+ rN+ Int+5 Dex-6 Stlth+}

@: exhausted, flying, studying Dodging, drained, quick
A: big wings, berserk 2, blurry vision 1, deformed body, deterioration 1, dopey
2, negative energy resistance 1, electricity resistance, strong 1, teleportitis
1, unbreathing, petrification resistance, rot immunity, no stealth, hated by
all, no conjurations magic, no hexes magic, no poison magic, disrupted magic 3,
AC +20
}: 4/15 runes: barnacled, slimy, silver, gossamer
a: Stop Flying, Draw Out Power, Power Leap, Apocalypse, Renounce Religion


You were on level 4 of the Abyss.
You worshipped Ru.
Ru was extremely pleased with you.
You were very hungry.

You visited 9 branches of the dungeon, and saw 46 of its levels.
You visited the Abyss 1 time.
You also visited: Labyrinth, Trove and Ossuary.

You collected 7467 gold pieces.
You spent 2332 gold pieces at shops.

Inventory:

Hand Weapons
 w - the +5 eveningstar of Starshine (weapon) {holy, Dex+4}
   (You took it off a deep elf archer on level 3 of the Elven Halls)

   It has been blessed by the Shining One to cause great damage to the undead
   and demons.
   It affects your dexterity (+4).
 K - a +9 demon whip of flaming
Armour
 i - the +0 cloak of the Old World (worn) {rF- rC+ MR+ rCorr}
   (You found it in a treasure trove)

   It makes you vulnerable to fire.
   It protects you from cold.
   It affects your resistance to hostile enchantments.
   It provides partial protection from all sources of acid and corrosion.
 o - a +2 crystal plate armour
 H - a +2 pair of boots of running (worn)
 P - the +2 pair of gloves "Rufran" (worn) {rPois rC+ Int+7 Slay+2}
   (You found it in a labyrinth)

   It affects your intelligence (+7).
   It affects your accuracy and damage with ranged weapons and melee attacks
   (+2).
   It protects you from cold.
   It protects you from poison.
 T - the +8 orange crystal plate armour (worn) {Archmagi, Int+3 Clar}
   (You found it in a treasure trove)

   It affects your intelligence (+3).
   It protects you against confusion.
 U - the +1 helmet of Cesoifi (worn) {Str+2 Int-4 Slay+2}
   (You found it on level 2 of the Depths)

   It affects your strength (+2).
   It affects your intelligence (-4).
   It affects your accuracy and damage with ranged weapons and melee attacks
   (+2).
 Y - a +8 large shield of positive energy (worn)
Jewellery
 b - an uncursed ring of protection from fire
 c - the amulet "Parumnin" (around neck) {rN+ Regen+ SInv Stlth-}
   (You took it off a deep elf blademaster on level 3 of the Elven Halls)

   [amulet of regeneration]

   It protects you from negative energy.
   It lets you see invisible.
   It increases your rate of regeneration.
   It makes you less stealthy.
 n - a +3 ring of slaying (left hand)
 M - an uncursed ring of resist corrosion
 N - the amulet "Jeunk" {+Rage Str+4 Dex+6}
   (You acquired it on level 6 of the Lair of Beasts)

   [amulet of rage]

   It affects your strength (+4).
   It affects your dexterity (+6).
   It lets you go berserk.
 W - the ring of Acefu (right hand) {rPois rC+ rN+ Int+5 Dex-6 Stlth+}
   (You took it off a deep elf archer on level 5 of the Vaults)

   [ring of dexterity]

   It affects your intelligence (+5).
   It affects your dexterity (-6).
   It protects you from cold.
   It protects you from poison.
   It protects you from negative energy.
   It makes you more stealthy.
Wands
 B - a wand of paralysis (71)
 C - a wand of disintegration (8)
 J - a wand of digging (12)
 L - a wand of iceblast (11)
 O - a wand of acid (5)
 X - a wand of clouds (17)
Scrolls
 a - 5 scrolls of vulnerability
 g - a scroll of fog
 h - 22 scrolls of remove curse
 m - 2 scrolls of holy word
 p - 5 scrolls of blinking
 q - 19 scrolls of teleportation
 r - 10 scrolls of fear
 s - 8 scrolls of magic mapping
 t - 6 scrolls of immolation
 u - 2 scrolls of enchant armour
 y - a scroll of amnesia
 A - 2 scrolls of torment
 D - a scroll of enchant weapon
 S - 2 scrolls of silence
Potions
 d - 8 potions of might
 e - 3 potions of mutation
 j - 14 potions of heal wounds
 k - 5 potions of agility
 l - 9 potions of brilliance
 x - 15 potions of curing
 z - 4 potions of cancellation
 E - 5 potions of magic
 F - 3 potions of resistance
 G - 3 potions of haste
 I - 6 potions of ambrosia
 R - 2 potions of invisibility
Books
 v - a manual of Dodging
Miscellaneous
 V - a lightning rod (4/4)
Comestibles
 f - 64 rations


   Skills:
 + Level 20.4(19.0) Fighting
 - Level 17.5(16.2) Maces & Flails
 + Level 21.1(19.7) Armour
 - Level 18.2(16.9) Dodging
 + Level 20.3(19.0) Shields
 * Level 10.1(9.0) Evocations


You had 25 spell levels left.
You didn't know any spells.
Your spell library contained the following spells:

 Spells                   Type           Power        Failure   Level  Hunger
 Apportation              Tloc           #.....       99%         1    ##.....
 Beastly Appendage        Tmut           #.....       99%         1    ##.....
 Pain                     Necr           #...         99%         1    ##.....
 Sandblast                Erth           #.....       99%         1    ##.....
 Blink                    Tloc           N/A          100%        2    ###....
 Passwall                 Tmut/Erth      #.......     100%        2    ###....
 Shroud of Golubria       Chrm/Tloc      #.........   100%        2    ###....
 Sticks to Snakes         Tmut           #.......     100%        2    ###....
 Swiftness                Chrm/Air       #.......     100%        2    ###....
 Gell's Gravitas          Tloc           #.........   100%        3    ####...
 Lesser Beckoning         Tloc           #.........   100%        3    ####...
 Regeneration             Chrm/Necr      #.........   100%        3    ####...
 Teleport Other           Tloc           #.......     100%        3    ####...
 Vampiric Draining        Necr           #.........   100%        3    ####...
 Airstrike                Air            #.........   100%        4    #####..
 Ice Form                 Ice/Tmut       #.......     100%        4    #####..
 Passage of Golubria      Tloc           N/A          100%        4    #####..
 Petrify                  Tmut/Erth      #.......     100%        4    #####..
 Blade Hands              Tmut           #.........   100%        5    ######.
 Borgnjor's Vile Clutch   Necr/Erth      #.........   100%        5    ######.
 Excruciating Wounds      Chrm/Necr      #.........   100%        5    ######.
 Lee's Rapid Deconstruct  Erth           #.........   100%        5    ######.
 Hydra Form               Tmut           #.........   100%        6    #######
 Dragon Form              Tmut           #.........   100%        7    #######
 Ring of Flames           Chrm/Fire      #.........   100%        7    #######
 Ignition                 Fire           #.........   100%        8    #######
 Shatter                  Erth           #.........   100%        9    #######
 Animate Skeleton         Necr           Unusable     N/A         1    N/A
 Confusing Touch          Hex            Unusable     N/A         1    N/A
 Corona                   Hex            Unusable     N/A         1    N/A
 Flame Tongue             Conj/Fire      Unusable     N/A         1    N/A
 Magic Dart               Conj           Unusable     N/A         1    N/A
 Shock                    Conj/Air       Unusable     N/A         1    N/A
 Sting                    Conj/Pois      Unusable     N/A         1    N/A
 Summon Butterflies       Summ           Unusable     N/A         1    N/A
 Summon Small Mammal      Summ           Unusable     N/A         1    N/A
 Call Imp                 Summ           Unusable     N/A         2    N/A
 Ensorcelled Hibernation  Hex/Ice        Unusable     N/A         2    N/A
 Poisonous Vapours        Pois/Air       Unusable     N/A         2    N/A
 Searing Ray              Conj           Unusable     N/A         2    N/A
 Slow                     Hex            Unusable     N/A         2    N/A
 Sublimation of Blood     Necr           Unusable     N/A         2    N/A
 Throw Flame              Conj/Fire      Unusable     N/A         2    N/A
 Call Canine Familiar     Summ           Unusable     N/A         3    N/A
 Confuse                  Hex            Unusable     N/A         3    N/A
 Conjure Flame            Conj/Fire      Unusable     N/A         3    N/A
 Dazzling Spray           Conj/Hex       Unusable     N/A         3    N/A
 Ignite Poison            Fire/Tmut/Pois Unusable     N/A         3    N/A
 Inner Flame              Hex/Fire       Unusable     N/A         3    N/A
 Mephitic Cloud           Conj/Pois/Air  Unusable     N/A         3    N/A
 Portal Projectile        Hex/Tloc       Unusable     N/A         3    N/A
 Recall                   Summ/Tloc      Unusable     N/A         3    N/A
 Spider Form              Tmut/Pois      Unusable     N/A         3    N/A
 Static Discharge         Conj/Air       Unusable     N/A         3    N/A
 Stone Arrow              Conj/Erth      Unusable     N/A         3    N/A
 Summon Guardian Golem    Hex/Summ       Unusable     N/A         3    N/A
 Tukima's Dance           Hex            Unusable     N/A         3    N/A
 Animate Dead             Necr           Unusable     N/A         4    N/A
 Cause Fear               Hex            Unusable     N/A         4    N/A
 Force Lance              Conj/Tloc      Unusable     N/A         4    N/A
 Fulminant Prism          Conj/Hex       Unusable     N/A         4    N/A
 Iskenderun's Mystic Bla  Conj           Unusable     N/A         4    N/A
 Leda's Liquefaction      Hex/Erth       Unusable     N/A         4    N/A
 Olgreb's Toxic Radiance  Pois           Unusable     N/A         4    N/A
 Sticky Flame             Conj/Fire      Unusable     N/A         4    N/A
 Summon Ice Beast         Ice/Summ       Unusable     N/A         4    N/A
 Summon Lightning Spire   Summ/Air       Unusable     N/A         4    N/A
 Alistair's Intoxication  Tmut/Pois      Unusable     N/A         5    N/A
 Bolt of Draining         Conj/Necr      Unusable     N/A         5    N/A
 Bolt of Magma            Conj/Fire/Erth Unusable     N/A         5    N/A
 Fireball                 Conj/Fire      Unusable     N/A         5    N/A
 Irradiate                Conj/Tmut      Unusable     N/A         5    N/A
 Lightning Bolt           Conj/Air       Unusable     N/A         5    N/A
 Metabolic Englaciation   Hex/Ice        Unusable     N/A         5    N/A
 Silence                  Hex/Air        Unusable     N/A         5    N/A
 Summon Forest            Summ/Tloc      Unusable     N/A         5    N/A
 Summon Mana Viper        Hex/Summ       Unusable     N/A         5    N/A
 Venom Bolt               Conj/Pois      Unusable     N/A         5    N/A
 Yara's Violent Unravell  Hex/Tmut       Unusable     N/A         5    N/A
 Bolt of Fire             Conj/Fire      Unusable     N/A         6    N/A
 Conjure Ball Lightning   Conj/Air       Unusable     N/A         6    N/A
 Darkness                 Hex            Unusable     N/A         6    N/A
 Death Channel            Necr           Unusable     N/A         6    N/A
 Freezing Cloud           Conj/Ice/Air   Unusable     N/A         6    N/A
 Invisibility             Hex            Unusable     N/A         6    N/A
 Iron Shot                Conj/Erth      Unusable     N/A         6    N/A
 Poison Arrow             Conj/Pois      Unusable     N/A         6    N/A
 Shadow Creatures         Summ           Unusable     N/A         6    N/A
 Simulacrum               Ice/Necr       Unusable     N/A         6    N/A
 Statue Form              Tmut/Erth      Unusable     N/A         6    N/A
 Summon Hydra             Summ           Unusable     N/A         7    N/A
 Chain Lightning          Conj/Air       Unusable     N/A         8    N/A
 Lehudib's Crystal Spear  Conj/Erth      Unusable     N/A         8    N/A
 Fire Storm               Conj/Fire      Unusable     N/A         9    N/A
 Glaciate                 Conj/Ice       Unusable     N/A         9    N/A

Dungeon Overview and Level Annotations

Branches:
Dungeon (15/15)            Temple (0/1) D:5            Lair (6/6) D:8
 Shoals (4/4) Lair:3       Spider (4/4) Lair:3        Slime (5/5) Lair:5
    Orc (2/2) D:11            Elf (3/3) Orc:2        Vaults (5/5) D:14
  Crypt (0/3) Vaults:2     Depths (2/5) D:15

Altars:
Ashenzari
Elyvilon
Hepliaklqana
Makhleb
Okawaru
Ru
Trog
Xom
Yredelemnul
Zin
Beogh
Jiyva

Shops:
D:5 **   D:6 }   D:7 %   D:11 =   Orc:1 [   Orc:2 **(*:   Elf:1 [   Elf:2 :
Elf:3 }*[*:   Vaults:3 }!**

Portals:
Hell: Depths:1
Abyss: Depths:2
Pandemonium: Orc:2 Depths:2
Ziggurat: Depths:1

Annotations:
D:7 1 runed door
Lair:2 exclusion: 3 oklob plants
Lair:5 exclusion: oklob plant


Innate Abilities, Weirdness & Mutations

You are resistant to torment.
Your stone body is resilient. (AC +20)
You are immune to poison.
Your large and strong wings let you fly indefinitely.
You are very dopey. (Int -4)
You resist negative energy. (rN+)
You are resistant to electric shocks. (rElec)
You can survive without breathing.
You are immune to petrification.
You are immune to rotting.
You cannot be stealthy.
You are hated by all.
You cannot study or cast Conjurations magic.
You cannot study or cast Hexes magic.
You cannot study or cast Poison magic.
Your casting is seriously disrupted.
You often lose your temper in combat.
Scrolls take you a little longer to read.
Armour fits poorly on your strangely shaped body.
Your body sometimes deteriorates upon taking damage.
Your muscles are strong. (Str +2)
You are occasionally teleported next to monsters.


Message History

A lich comes into view.
You block the fire bat's attack.
The lich moves out of view.
There is a dry fountain here.
You block the fire bat's attack.
The lich begins to cast a spell, but is stunned by your will!
An ancient lich comes into view.
The chaos spawn is engulfed in seething chaos.
A lich comes into view.
You block the fire bat's attack. You block the fire bat's attack.
The lich begins to cast a spell, but is stunned by your will!
Okay, then.
You puncture the ancient lich!
The ancient lich convulses!
The ancient lich is moderately damaged.
You block the fire bat's attack.
The lich begins to cast a spell, but is stunned by your will!
The lich casts a spell at you. The bolt of fire hits you!
The fire burns you terribly!
Ouch! That really hurt!
You die...

#...∩ .
...#
##''#....#.
##
##...+.#..#
..#
##§..4+...#
..$
##§§...#
......
##§§§..# .
#. .
##$..§.##
.# #.
#..b).## ##
#..#@.##
#L'.L##
'.LLLL.##
#....##
'#... ##. '
.#


You could see 2 ancient liches, 4 liches, a chaos spawn (paralysed) and a fire
bat.

Vanquished Creatures
  the Royal Jelly (Slime:5)
  A juggernaut (Depths:2)
  Sojobo (Vaults:4)
  Margery (Vaults:3)
  Nikola (Spider:3)
  2 liches
  Arachne (Spider:2)
  3 tentacled monstrosities
  Rupert (D:13)
  2 deep elf blademasters (Elf:3)
  Asterion (Spider:3)
  3 titans
  4 deep elf master archers (Elf:3)
  Polyphemus (Shoals:2)
  18 acid blobs
  4 sphinxes (Vaults:5)
  5 tentacled starspawn (Abyss:3)
  7 storm dragons
  Kirke (D:15)
  Roxanne (D:15)
  3 shadow dragons (Vaults:5)
  8 tengu reavers
  5 fire giants
  10 deep elf sorcerers
  17 azure jellies
  5 frost giants
  Ilsuiw (Shoals:4)
  2 orc warlords
  A balrug (Abyss:3)
  7 emperor scorpions
  2 ghost moths
  8 vault wardens
  12 ironheart preservers
  A deep elf elementalist (Elf:3)
  2 war gargoyles (Vaults:5)
  A stone giant (shapeshifter) (Vaults:5)
  13 very ugly things
  A vampire knight (Depths:1)
  12 stone giants
  3 entropy weavers
  10 deep elf demonologists
  A minotaur (Lab)
  8 deep elf annihilators
  Azrael (D:13)
  8 ettins
  3 merfolk javelineers
  6 deep elf death magi
  5 merfolk impalers (Shoals:4)
  7 death oozes
  A green death (Abyss:3)
  15 yaktaur captains
  8 fire dragons
  3 deep elf high priests
  34 vault guards
  2 rakshasas (Depths:1)
  9 ice dragons
  6 great orbs of eyes
  3 hydras
  5 merfolk avatars
  A satyr (shapeshifter) (Vaults:5)
  4 death knights
  A catoblepas (Shoals:2)
  41 dancing weapons
  16 centaur warriors
  14 ogre magi
  2 spriggan air magi (Depths:2)
  9 death yaks
  37 two-headed ogres
  5 satyrs (Shoals:4)
  7 merfolk aquamancers
  8 hell hogs (Abyss:3)
  2 deep troll shamans (Depths:1)
  4 deep troll earth magi
  3 tengu warriors
  A vampire mage (Vaults:2)
  7 hell knights
  9 orc high priests (Orc:2)
  Nergalle (Orc:1)
  3 thrashing horrors (Abyss:3)
  A sun demon (Orc:2)
  Urug (Lair:5)
  3 skeletal warriors
  Sonja (Orc:2)
  6 wretched stars (Abyss:3)
  2 shadow wraiths
  25 deep elf knights
  20 sea snakes
  3 flayed ghosts
  4 glowing orange brains
  21 deep trolls
  2 sixfirhies (Abyss:3)
  A swamp dragon (Lair:6)
  An infernal demonspawn (Orc:2)
  2 wizards
  A torturous demonspawn (Orc:2)
  6 unseen horrors
  12 harpies
  23 deep elf archers
  Pikel (D:7)
  2 lindwurms (Lair:6)
  12 ironbrand convokers
  10 orc knights
  3 necromancers
  58 deep elf magi
  6 phantasmal warriors
  19 orb spiders
  6 shining eyes
  23 wolf spiders
  15 fauns
  54 ugly things
  4 orc sorcerers
  2 worldbinders (Abyss:3)
  10 cyclopes
  3 elephants (Lair:5)
  Maurice (D:8)
  A salamander (Depths:1)
  A fire giant skeleton (Depths:1)
  3 moths of wrath
  8 merfolk sirens
  A guardian serpent (shapeshifter) (Vaults:4)
  8 manticores
  A black mamba (shapeshifter) (Vaults:2)
  2 black mambas (Lair:6)
  A frost giant skeleton (Depths:1)
  3 centaur zombies
  20 vault sentinels
  8 torpor snails
  3 eyes of devastation
  5 smoke demons
  4 water nymphs
  12 spiny frogs
  2 gargoyles
  A tengu conjurer (Depths:2)
  A rime drake (shapeshifter) (Vaults:2)
  6 komodo dragons
  A komodo dragon (shapeshifter) (Vaults:4)
  A kobold demonologist (D:13)
  An ice devil (Orc:2)
  22 yaktaurs
  13 demonic crawlers
  A yaktaur skeleton (Depths:1)
  10 freezing wraiths
  A minotaur skeleton (Abyss:4)
  3 ancient zymes (Abyss:3)
  2 yaktaurs (shapeshifter)
  2 red devils
  2 hellwings
  31 jumping spiders
  35 merfolk
  6 trolls
  3 wind drakes
  6 polar bears
  17 hornets
  3 tyrant leeches (Lair:6)
  2 hippogriffs (shapeshifter)
  9 raiju (Abyss:3)
  A blink frog (shapeshifter) (D:14)
  12 blink frogs
  8 dream sheep
  An ettin zombie (Abyss:3)
  115 slime creatures
  A fire giant simulacrum (Vaults:2)
  7 snapping turtles
  2 spriggans (shapeshifter) (Vaults:2)
  7 large abominations (Abyss:3)
  67 redbacks
  4 air elementals
  17 hippogriffs
  4 shadows
  31 tarantellas
  14 water elementals
  24 yaks
  2 ynoxinuls (Abyss:3)
  A redback (shapeshifter) (Vaults:2)
  A tarantella (shapeshifter) (Vaults:1)
  4 fire elementals
  6 fire bats
  2 vampires
  5 wyverns
  3 wraiths
  2 hogs (D:15)
  2 humans (D:15)
  5 basilisks
  7 golden eyes
  3 hungry ghosts
  4 chaos spawn (Abyss:4)
  3 steam dragons (Lair:6)
  The ghost of NikiYani the Firebug, an amateur DrFE of Vehumet (D:3)
  A vampire mosquito (D:14)
  A neqoxec (Abyss:3)
  9 wargs
  A swamp worm (shapeshifter) (Elf:3)
  A small abomination (Abyss:3)
  3 acid dragons
  5 hell hounds
  6 porcupines
  3 swamp drakes
  19 water moccasins
  2 floating eyes
  A tengu skeleton (Depths:1)
  An ice beast (D:8)
  44 orc warriors
  3 slaves (D:8)
  5 sky beasts
  2 black bears
  10 starcursed masses (Abyss:3)
  A necrophage (D:12)
  A hornet zombie (D:9)
  The ghost of torvon the Skirmisher, an amateur DsAK of Lugonu (D:3)
  2 phantoms
  13 wolves
  20 centaurs
  The ghost of retrovino the Slasher, an amateur MfGl (D:3)
  4 boggarts
  10 eyes of draining
  31 ogres
  14 crocodiles
  An elf simulacrum (Vaults:1)
  18 bullfrogs
  A bullfrog (shapeshifter) (Vaults:3)
  2 earth elementals (Elf:3)
  A wyvern skeleton (D:14)
  3 scorpions
  11 killer bees
  A human simulacrum (Vaults:2)
  An orc simulacrum (Vaults:2)
  21 wights
  An electric eel (Spider:4)
  6 crimson imps
  A howler monkey (D:13)
  2 bullfrog zombies
  11 jellies
  29 orc priests
  3 hounds
  5 human zombies
  18 orc wizards
  2 human skeletons (D:12)
  An iron imp (Abyss:3)
  4 centaur skeletons
  An iguana (shapeshifter) (Vaults:5)
  3 iguanas
  12 worker ants
  A big kobold zombie (Ossuary)
  An ogre zombie (D:12)
  A hound zombie (D:6)
  12 mummies
  A worker ant zombie (D:9)
  A howler monkey zombie (D:10)
  5 gnolls
  11 adders
  7 shadow imps
  A white imp (Abyss:3)
  2 ufetubi
  15 oozes
  An adder skeleton (D:5)
  2 worms (D:2)
  A dart slug (D:3)
  9 leopard geckos
  100 orcs
  2 giant cockroaches
  5 goblins
  8 hobgoblins
  5 jackals
  4 quokkas
  A ball python (D:2)
  3 bats
  2 frilled lizards
  A giant cockroach zombie (D:5)
  2 gnoll zombies (Ossuary)
  2 hobgoblin zombies (Ossuary)
  10 kobolds
  A kobold zombie (Ossuary)
  4 orc zombies
  A quokka skeleton (D:3)
  2 quokka zombies
  6 rats
  2 plants (Depths:2)
  3 starspawn tentacles (Abyss:3)
2084 creatures vanquished.

Vanquished Creatures (others)
  A tentacled starspawn (Abyss:3)
  2 vault wardens
  An emperor scorpion (Spider:3)
  An ironheart preserver (Vaults:3)
  A stone giant (Vaults:2)
  A deep elf annihilator (Elf:1)
  Snorg (Orc:1)
  A yaktaur captain (Vaults:4)
  Erolcha (D:10)
  A merfolk aquamancer (Shoals:3)
  2 two-headed ogres
  An ogre mage (Depths:1)
  2 deep elf knights
  A torturous demonspawn (Orc:2)
  An unseen horror (D:13)
  A sea snake (Shoals:4)
  A deep elf archer (Elf:3)
  A harpy (Shoals:3)
  A manticore (D:14)
  3 deep elf magi
  A centaur zombie (D:12)
  2 yaktaurs
  A jumping spider (Spider:3)
  5 slime creatures
  A blink frog (Lair:6)
  A shadow (Vaults:2)
  2 redbacks
  A tarantella (Spider:4)
  A water elemental (Shoals:3)
  A chaos spawn (Abyss:4)
  3 boggarts (Depths:2)
  A bullfrog (D:8)
  A wyvern skeleton (D:8)
  A crimson imp (D:8)
  An orc priest (Orc:2)
  3 orcs
  A frilled lizard (D:3)
  8 fungi
  A lurking horror (Abyss:3)
  62 plants
  26 starspawn tentacles (Abyss:3)
  A withered plant (D:3)
150 creatures vanquished.

Grand Total: 2234 creatures vanquished

Notes
Turn   | Place    | Note
-------+----------+-------------------------------------------
     0 | D:1      | calasmere the Gargoyle Fighter began the quest for the Orb.
     0 | D:1      | Reached XP level 1. HP: 14/14 MP: 1/1
   347 | D:1      | Reached XP level 2. HP: 19/19 MP: 2/2
   623 | D:1      | Reached XP level 3. HP: 23/24 MP: 3/3
  1053 | D:1      | Got a spiked leather armour
  1064 | D:1      | Identified the +2 leather armour "Romujaj" {*Contam Int+3
                  | Dex+4 Stlth+} (You found it on level 1 of the Dungeon)
  1364 | D:2      | Found a faded altar of an unknown god.
  1492 | D:2      | Reached XP level 4. HP: 19/29 MP: 4/4
  1546 | D:2      | Found a sacrificial altar of Ru.
  1605 | D:2      | Became a worshipper of Ru the Awakened
  2254 | D:3      | Noticed NikiYani's ghost (amateur DrFE)
  2254 | D:3      | Noticed torvon's ghost (amateur DsAK)
  2254 | D:3      | Noticed retrovino's ghost (amateur MfGl)
  2255 | D:3      | Found a runed gate.
  2255 | D:3      | Found a runed gate.
  2255 | D:3      | Found a runed gate.
  2448 | D:3      | Reached XP level 5. HP: 33/33 MP: 5/5
  2517 | D:3      | Gained mutation: You cannot be stealthy. [Ru sacrifice]
  3051 | D:4      | Reached XP level 6. HP: 31/39 MP: 6/6
  3352 | D:5      | Entered Level 5 of the Dungeon
  3353 | D:5      | Found a staircase to the Ecumenical Temple.
  3390 | D:5      | Found Orhawn's Assorted Antiques.
  3409 | D:5      | Bought a brown potion for 17 gold pieces
  3409 | D:5      | Bought an emerald potion for 17 gold pieces
  3409 | D:5      | Bought a scroll labeled NIONGO LOIF for 19 gold pieces
  3409 | D:5      | Bought a scroll labeled MYPSUGI QEWUFEDIE for 19 gold
                  | pieces
  3895 | D:4      | Reached skill level 5 in Maces & Flails
  4317 | D:5      | Reached skill level 5 in Fighting
  4320 | D:5      | Reached skill level 5 in Shields
  4369 | D:5      | Reached XP level 7. HP: 44/44 MP: 7/7
  4377 | D:5      | Found Bauda's General Store.
  4903 | D:5      | Bought a potion of heal wounds for 55 gold pieces
  4924 | D:6      | Found Vofyoce's Gadget Emporium.
  5289 | D:6      | Gained mutation: You are dopey. (Int -2) [Ru sacrifice]
  5289 | D:6      | Reached * piety under Ru
  5488 | D:6      | Found a burning altar of Makhleb.
  5517 | D:6      | Reached XP level 8. HP: 23/51 MP: 8/8
  5696 | D:6      | Found a glowing silver altar of Zin.
  6238 | D:7      | Found Hudib's Food Boutique.
  6311 | D:7      | Found a sand-covered staircase.
  6322 | Ossuary  | Entered an ossuary
  6720 | D:7      | Found a hazy altar of Hepliaklqana.
  6763 | D:7      | Reached skill level 1 in Evocations
  6882 | D:7      | Noticed a sixfirhy
  6883 | D:7      | Found a runed door.
  7333 | D:7      | Gained mutation: You cannot study or cast Poison magic. [Ru
                  | sacrifice]
  7333 | D:7      | Gained mutation: You cannot study or cast Hexes magic. [Ru
                  | sacrifice]
  7333 | D:7      | Gained mutation: You cannot study or cast Conjurations
                  | magic. [Ru sacrifice]
  7333 | D:7      | Reached ** piety under Ru
  7373 | D:8      | Noticed Pikel
  7386 | D:7      | Killed Pikel
  7386 | D:7      | Reached XP level 9. HP: 53/57 MP: 10/10
  7444 | D:8      | Noticed Maurice
  7886 | D:8      | Killed Maurice
  8380 | D:8      | Reached XP level 10. HP: 65/65 MP: 12/12
  8541 | D:8      | Found a staircase to the Lair.
  8865 | D:9      | Noticed a two-headed ogre
  9000 | Lair:1   | Entered Level 1 of the Lair of Beasts
  9102 | Lair:1   | Found a labyrinth entrance.
  9107 | Lab      | Entered a labyrinth
  9894 | Lab      | Gained mutation: You are very dopey. (Int -4) [Ru
                  | sacrifice]
 10043 | Lab      | Noticed a minotaur
 10075 | Lab      | Killed a minotaur
 10207 | Lab      | Got a dazzling cloak
 10207 | Lab      | Got a pair of slimy gloves
 10219 | Lab      | Identified the cursed -1 cloak "Kinlimim" {rN+} (You found
                  | it in a labyrinth)
 10238 | Lab      | Identified the +2 pair of gloves "Rufran" {rPois rC+ Int+7
                  | Slay+2} (You found it in a labyrinth)
 10499 | Lair:1   | Reached skill level 10 in Fighting
 10510 | Lair:1   | Reached skill level 10 in Shields
 10650 | Lair:1   | Reached XP level 11. HP: 58/72 MP: 14/14
 11721 | D:3      | Killed retrovino's ghost
 11727 | D:3      | Killed NikiYani's ghost
 11737 | D:3      | Killed torvon's ghost
 12594 | Lair:2   | Gained mutation: Your casting is slightly disrupted. [Ru
                  | sacrifice]
 12594 | Lair:2   | Reached *** piety under Ru
 12897 | Lair:2   | Noticed an oklob plant
 12898 | Lair:2   | Noticed an oklob plant
 12899 | Lair:2   | Noticed an oklob plant
 12926 | Lair:2   | Reached skill level 10 in Maces & Flails
 13288 | Lair:3   | Noticed a six-headed hydra
 13307 | Lair:3   | Killed a six-headed hydra
 13737 | Lair:3   | Found a hole to the Spider Nest.
 13737 | Lair:3   | Noticed a wolf spider
 13737 | Lair:3   | Noticed a wolf spider
 13751 | Lair:3   | Killed a wolf spider
 13768 | Lair:3   | Killed a wolf spider
 13768 | Lair:3   | Reached XP level 12. HP: 48/81 MP: 15/15
 14144 | Lair:3   | Found a staircase to the Shoals.
 14776 | Lair:4   | Gained mutation: Your casting is disrupted. [Ru sacrifice]
 14829 | Lair:4   | Noticed an eight-headed hydra
 14837 | Lair:4   | Killed an eight-headed hydra
 14927 | Lair:4   | Noticed a death yak
 14956 | Lair:4   | Killed a death yak
 15749 | Lair:5   | Found a shattered altar of Ashenzari.
 15751 | Lair:5   | Noticed Urug
 15766 | Lair:5   | Killed Urug
 15856 | Lair:5   | Noticed a death yak
 15857 | Lair:5   | Noticed a death yak
 15857 | Lair:5   | Noticed a death yak
 15859 | Lair:5   | Noticed a death yak
 15886 | Lair:5   | Killed a death yak
 15886 | Lair:5   | Reached XP level 13. HP: 88/88 MP: 16/16
 16022 | Lair:5   | Found a viscous altar of Jiyva.
 16023 | Lair:5   | Found a staircase to the Slime Pits.
 16150 | Lair:5   | Gained mutation: You are hated by all. [Ru sacrifice]
 16150 | Lair:5   | Reached **** piety under Ru
 16150 | Lair:5   | Reached ***** piety under Ru
 16584 | Lair:6   | Entered Level 6 of the Lair of Beasts
 17876 | Lair:6   | Noticed a fire dragon
 17900 | Lair:6   | Killed a fire dragon
 18388 | Lair:6   | Found a runed door.
 18405 | Lair:6   | Noticed a fire dragon
 18420 | Lair:6   | Killed a fire dragon
 18479 | Lair:6   | Reached skill level 15 in Fighting
 18557 | Lair:6   | Reached skill level 15 in Shields
 18637 | Lair:6   | Identified a scroll of acquirement
 18642 | Lair:6   | Got a fine pewter amulet
 18644 | Lair:6   | Identified the amulet "Jeunk" {+Rage Str+4 Dex+6} (You
                  | acquired it on level 6 of the Lair of Beasts)
 18828 | Lair:6   | Gained mutation: Your large and strong wings let you fly
                  | indefinitely. [Gargoyle growth]
 18828 | Lair:6   | Reached XP level 14. HP: 93/98 MP: 17/17
 19387 | D:9      | Found an iron altar of Okawaru.
 19396 | D:9      | Found a transporter.
 19593 | D:9      | Found a transporter.
 19698 | D:9      | Found a shimmering altar of Xom.
 19783 | D:9      | Found a white marble altar of Elyvilon.
 20045 | D:10     | Entered Level 10 of the Dungeon
 20310 | D:10     | Noticed Erolcha
 20321 | D:10     | Killed Erolcha
 20556 | D:10     | Found a bloodstained altar of Trog.
 20706 | D:11     | Found Ozuklot's Jewellery Shop.
 21043 | D:11     | Found a staircase to the Orcish Mines.
 21050 | Orc:1    | Entered Level 1 of the Orcish Mines
 21091 | Orc:1    | Noticed an orc warlord
 21093 | Orc:1    | Noticed Nergalle
 21122 | Orc:1    | Killed an orc warlord
 21126 | Orc:1    | Killed Nergalle
 21212 | Orc:1    | Found Dyeror's Antique Armour Emporium.
 21350 | Orc:2    | Entered Level 2 of the Orcish Mines
 21350 | Orc:2    | Found Fuonunis's General Store.
 21351 | Orc:2    | Noticed Sonja
 21368 | Orc:2    | Killed Sonja
 21369 | Orc:2    | Found a staircase to the Elven Halls.
 21746 | Orc:2    | Reached skill level 4 in Armour
 21792 | Orc:2    | Bought a scroll of enchant weapon for 105 gold pieces
 21792 | Orc:2    | Bought a scroll of enchant armour for 105 gold pieces
 21792 | Orc:2    | Bought a scroll of enchant weapon for 105 gold pieces
 21909 | Orc:2    | Found a roughly hewn altar of Beogh.
 21941 | Orc:2    | Reached skill level 5 in Armour
 22114 | Orc:2    | Found Hiolloal's General Store.
 22159 | Orc:2    | Reached skill level 6 in Armour
 22241 | Orc:1    | Found an iron altar of Okawaru.
 22293 | Orc:1    | Noticed Snorg
 22308 | Orc:1    | Killed Snorg
 22613 | Orc:2    | Found Hiodynk's General Store.
 22733 | Orc:2    | Reached skill level 7 in Armour
 22778 | Orc:2    | Reached XP level 15. HP: 67/104 MP: 18/18
 22841 | Orc:2    | Reached skill level 8 in Armour
 23338 | Orc:1    | Reached skill level 9 in Armour
 23751 | Orc:2    | Found Baihixoo's Book Boutique.
 23751 | Orc:2    | Found Ysui's Antique Weapon Shop.
 23751 | Orc:2    | Found a one-way gate leading to the halls of Pandemonium.
 23755 | Orc:2    | Bought a glowing demon whip for 540 gold pieces
 23886 | D:11     | Gained mutation: Your casting is seriously disrupted. [Ru
                  | sacrifice]
 25067 | D:12     | Reached skill level 10 in Armour
 25074 | D:12     | Found a basalt altar of Yredelemnul.
 25538 | D:11     | Bought an uncursed ring of see invisible for 240 gold
                  | pieces
 25655 | D:13     | Noticed Rupert
 25693 | D:13     | Killed Rupert
 25963 | D:13     | Noticed Azrael
 26003 | D:13     | Killed Azrael
 26023 | D:13     | Reached skill level 11 in Armour
 26855 | D:14     | Reached skill level 12 in Armour
 26880 | D:14     | Found a gate to the Vaults.
 26937 | D:14     | Reached XP level 16. HP: 88/110 MP: 19/19
 27014 | D:14     | Reached skill level 13 in Armour
 27392 | D:14     | Found a white marble altar of Elyvilon.
 27409 | D:14     | You fall through a shaft!
 27409 | D:15     | Entered Level 15 of the Dungeon
 27698 | D:15     | Noticed Kirke
 27709 | D:15     | Reached skill level 14 in Armour
 27714 | D:15     | Killed Kirke
 27964 | D:15     | Noticed Roxanne
 27986 | D:15     | Killed Roxanne
 27987 | D:15     | Identified Roxanne's Papyrus of Stones (You took it off
                  | Roxanne on level 15 of the Dungeon)
 28422 | D:15     | Found a staircase to the Depths.
 28917 | Spider:1 | Entered Level 1 of the Spider Nest
 28936 | Spider:1 | Reached skill level 15 in Armour
 29099 | Spider:1 | Found a runed door.
 29304 | Spider:1 | Reached skill level 16 in Armour
 29665 | Spider:2 | Noticed Arachne
 29683 | Spider:2 | Killed Arachne
 29683 | Spider:2 | Reached XP level 17. HP: 86/115 MP: 20/20
 29809 | Spider:2 | Reached skill level 1 in Dodging
 30316 | Spider:3 | Noticed Nikola
 30391 | Spider:3 | Killed Nikola
 30391 | Spider:3 | Reached skill level 5 in Dodging
 31023 | Spider:3 | Noticed Asterion
 31038 | Spider:3 | Killed Asterion
 31434 | Spider:4 | Entered Level 4 of the Spider Nest
 32756 | Spider:4 | Got a gossamer rune of Zot
 32941 | Shoals:1 | Entered Level 1 of the Shoals
 33000 | Shoals:1 | Reached XP level 18. HP: 120/120 MP: 21/21
 33068 | Shoals:1 | Reached skill level 10 in Dodging
 33806 | Shoals:2 | Noticed Polyphemus
 33857 | Shoals:2 | Killed Polyphemus
 35691 | Shoals:4 | Entered Level 4 of the Shoals
 35891 | Shoals:4 | Noticed Ilsuiw
 35936 | Shoals:4 | Killed Ilsuiw
 36094 | Shoals:4 | Reached XP level 19. HP: 109/125 MP: 22/22
 36112 | Shoals:4 | Got a barnacled rune of Zot
 36973 | Elf:1    | Entered Level 1 of the Elven Halls
 37897 | Elf:1    | Found Diliet's Armour Boutique.
 38111 | Elf:2    | Found a runed gate.
 38111 | Elf:2    | Found a runed gate.
 38111 | Elf:2    | Found a runed gate.
 38454 | Elf:2    | Reached skill level 15 in Dodging
 38693 | Elf:2    | Found Ythran's Book Boutique.
 39269 | Elf:2    | Reached XP level 20. HP: 131/131 MP: 23/23
 39338 | Elf:3    | Entered Level 3 of the Elven Halls
 39376 | Elf:3    | Found Pilu's General Store.
 39378 | Elf:3    | Found Jajahis's Gadget Shoppe.
 39398 | Elf:3    | Bought 2 potions of heal wounds for 100 gold pieces
 39606 | Elf:3    | Got a smoking pewter amulet
 39610 | Elf:3    | Identified the amulet "Parumnin" {rN+ Regen+ SInv Stlth-}
                  | (You took it off a deep elf blademaster on level 3 of the
                  | Elven Halls)
 40149 | Elf:3    | Got a steaming morningstar {elec}
 40179 | Elf:3    | Identified the +3 morningstar of Proximity {elec, rF+ MR+
                  | Dex+3} (You took it off a deep elf mage on level 3 of the
                  | Elven Halls)
 40212 | Elf:3    | Got a twitching silver ring
 40222 | Elf:3    | Identified the ring "Xoecze" {-Tele +Fly rPois rC+ rN+}
                  | (You took it off a deep elf mage on level 3 of the Elven
                  | Halls)
 40343 | Elf:3    | Got an uncursed ancient eveningstar {holy}
 40371 | Elf:3    | Identified the +5 eveningstar of Starshine {holy, Dex+4}
                  | (You took it off a deep elf archer on level 3 of the Elven
                  | Halls)
 40437 | Elf:3    | Reached skill level 17 in Armour
 40441 | Elf:3    | Identified Matwea's Almanac of the Salmon
 40447 | Elf:3    | Identified Eddy Unt's Incunabulum of Mutagenic Feathers
 40486 | Elf:3    | Got a vibrating brass amulet
 40488 | Elf:3    | Identified the amulet "Peahax" {Inacc +Fly MP+9 Dex+3} (You
                  | found it on level 3 of the Elven Halls)
 40662 | Elf:3    | Found Gyro Dac's Assorted Antiques.
 40668 | Elf:3    | Found Axet's Armour Emporium.
 40720 | Elf:3    | Found Xyaba's Book Shoppe.
 41227 | Vaults:1 | Entered Level 1 of the Vaults
 41767 | Vaults:1 | Reached XP level 21. HP: 55/136 MP: 16/24
 42434 | Vaults:2 | Found a staircase to the Crypt.
 43131 | Vaults:2 | Got a spiked scale mail
 43142 | Vaults:2 | Identified the cursed +1 scale mail "Laheo" {Regen+ rCorr
                  | Str+5 Int-4} (You found it on level 2 of the Vaults)
 44007 | Vaults:3 | Reached skill level 15 in Maces & Flails
 44118 | Vaults:3 | Noticed Margery
 44136 | Vaults:2 | Reached skill level 18 in Armour
 44493 | Vaults:3 | Killed Margery
 44761 | Vaults:3 | Found Icuphuf's Distillery.
 44792 | Vaults:3 | Found Gadwooc's Assorted Antiques.
 44793 | Vaults:3 | Bought a potion of haste for 110 gold pieces
 44934 | Vaults:3 | Found Jussono's General Store.
 44942 | Vaults:3 | Bought a +3 plate armour of magic resistance for 900 gold
                  | pieces
 45211 | Vaults:3 | Found Biec's Gadget Shoppe.
 45283 | Vaults:3 | Reached XP level 22. HP: 145/145 MP: 25/25
 46019 | Vaults:4 | Found a portal to a secret trove of treasure.
 46622 | Vaults:4 | You paid a toll of a +5 demon trident to enter a treasure
                  | trove
 46623 | Trove    | Entered a treasure trove
 46626 | Trove    | Found the +8 orange crystal plate armour {Archmagi, Int+3
                  | Clar}
 46627 | Trove    | Found the +0 pair of fencer's gloves {+Riposte Dex+3}
 46639 | Trove    | Got a pitted crystal plate armour
 46650 | Trove    | Identified the +3 crystal plate armour of Catatonia {rF+}
                  | (You found it in a treasure trove)
 46657 | Trove    | Got a brightly glowing cloak
 46673 | Trove    | Identified the +0 cloak of the Old World {rF- rC+ MR+
                  | rCorr} (You found it in a treasure trove)
 46736 | Trove    | Got a pair of crude gloves
 46748 | Trove    | Identified the +0 pair of gloves of Rufonev {rElec rPois
                  | Int-3 Stlth+} (You found it in a treasure trove)
 46813 | Trove    | Identified a +1 pair of boots of running (You found it in a
                  | treasure trove)
 47888 | Vaults:5 | Entered Level 5 of the Vaults
 47947 | Vaults:5 | Reached skill level 19 in Armour
 48166 | Vaults:5 | Noticed Sojobo
 48520 | Vaults:5 | Reached XP level 23. HP: 139/152 MP: 26/26
 48542 | Vaults:4 | Killed Sojobo
 48926 | Vaults:5 | Got a silver rune of Zot
 49308 | Vaults:5 | Got a flickering steel ring
 49310 | Vaults:5 | Identified the cursed ring of Acefu {rPois rC+ rN+ Int+5
                  | Dex-6 Stlth+} (You took it off a deep elf archer on level 5
                  | of the Vaults)
 49960 | Vaults:5 | Identified the Incunabulum of Warped Shape Shifting
 50762 | Slime:1  | Entered Level 1 of the Pits of Slime
 51631 | Slime:1  | Gained mutation: You tend to lose your temper in combat. [a
                  | shining eye]
 51638 | Slime:1  | Gained mutation: You are occasionally teleported next to
                  | monsters. [a shining eye]
 52117 | Slime:2  | Gained mutation: Your body sometimes deteriorates upon
                  | taking damage. [a shining eye]
 52126 | Slime:2  | Gained mutation: Your muscles are strong. (Str +2) [a
                  | shining eye]
 52128 | Slime:2  | Reached skill level 20 in Armour
 52485 | Slime:2  | Reached XP level 24. HP: 51/160 MP: 26/26
 54362 | Slime:5  | Entered Level 5 of the Pits of Slime
 54389 | Slime:5  | Gained mutation: You often lose your temper in combat. [a
                  | shining eye]
 54394 | Slime:5  | Gained mutation: Scrolls take you a little longer to read.
                  | [a shining eye]
 54618 | Slime:5  | Noticed the Royal Jelly
 54647 | Slime:4  | Reached skill level 5 in Evocations
 54967 | Slime:5  | Found a viscous altar of Jiyva.
 55004 | Slime:5  | Gained mutation: Armour fits poorly on your strangely
                  | shaped body. [a shining eye]
 55376 | Slime:5  | Killed the Royal Jelly
 55931 | Slime:5  | Got a slimy rune of Zot
 55991 | Slime:5  | Got a crude large shield
 56005 | Slime:5  | Identified the +8 large shield of Leaves {rC+} (You found
                  | it on level 5 of the Pits of Slime)
 56047 | Slime:5  | Identified Paidd's Handbook of Hexes and Feathers
 56617 | Depths:1 | Entered Level 1 of the Depths
 56653 | Depths:1 | Found a gateway to a ziggurat.
 56790 | Depths:1 | Found a shattered altar of Ashenzari.
 56853 | Depths:1 | Found a gateway to Hell.
 57406 | Depths:2 | Reached XP level 25. HP: 153/168 MP: 29/29
 57412 | Depths:2 | Noticed a juggernaut
 57441 | Depths:2 | Killed a juggernaut
 57521 | Depths:2 | Got a slimy ring mail
 57533 | Depths:2 | Identified the +7 ring mail of Magic {Regen+ Str+4 Int+4
                  | Dex-2} (You found it on level 2 of the Depths)
 57560 | Depths:2 | Got a translucent ruby amulet
 57584 | Depths:2 | Identified the amulet of Melee {Inacc rPois} (You found it
                  | on level 2 of the Depths)
 57594 | Depths:2 | Reached XP level 26. HP: 91/174 MP: 29/29
 57694 | Depths:2 | Identified the Guide on Necromancy
 57751 | Depths:2 | Noticed a juggernaut
 58057 | Depths:2 | Found a one-way gate to the infinite horrors of the Abyss.
 58062 | Depths:2 | Got an ancient helmet
 58102 | Depths:2 | Identified the +1 helmet of Cesoifi {Str+2 Int-4 Slay+2}
                  | (You found it on level 2 of the Depths)
 58117 | Depths:2 | Voluntarily entered the Abyss.
 58185 | Abyss:2  | Found a corrupted altar of Lugonu.
 58211 | Abyss:3  | Found a shimmering altar of Xom.
 58296 | Abyss:3  | Found a corrupted altar of Lugonu.
 58352 | Abyss:3  | Found a corrupted altar of Lugonu.
 58410 | Abyss:3  | Paralysed by accursed screaming for 1 turns
 58541 | Abyss:3  | Reached skill level 21 in Armour
 59017 | Abyss:3  | Reached skill level 10 in Evocations
 59089 | Abyss:4  | Found a corrupted altar of Lugonu.
 59107 | Abyss:4  | Noticed an ancient lich
 59110 | Abyss:4  | Noticed an ancient lich
 59113 | Abyss:4  | Killed from afar by a lich

Skill      XL: |  1  2  3  4  5  6  7  8  9 10 11 12 13 14 15 16 17 18 19 20 21 22 23 24 25 26 |
---------------+-------------------------------------------------------------------------------+-----
Maces & Flails | 3 4 5 6 8 9 10 11 12 13 14 15 16 17 | 17.5
Fighting       | 4 5 7 8 10 12 13 15 16 17 18 19 20 | 20.4
Shields        | 4 5 7 8 10 12 13 15 16 17 18 19 20 | 20.3
Evocations     | 2 3 4 8 10 | 10.1
Armour         | 7 12 16 17 18 19 20 21 | 21.1
Dodging        | 9 13 16 17 18 | 18.2

Action                   |  1- 3 |  4- 6 |  7- 9 | 10-12 | 13-15 | 16-18 | 19-21 | 22-24 | 25-27 || total
-------------------------+-------+-------+-------+-------+-------+-------+-------+-------+-------++-------
Melee: Flail             |   115 |   253 |   432 |       |       |       |       |       |       ||   800
       Whip              |       |       |   188 |   183 |       |       |       |       |       ||   371
       Demon whip        |       |       |       |   823 |  2052 |  1554 |  1626 |  1879 |   151 ||  8085
       Eveningstar       |       |       |       |       |       |       |       |       |   206 ||   206
Invok: Sacrifice Stealth |       |     1 |       |       |       |       |       |       |       ||     1
       Sacrifice Purity  |       |       |     1 |     1 |       |       |       |       |       ||     2
       Sacrifice Arcana  |       |       |     1 |       |       |       |       |       |       ||     1
       Sacrifice Essence |       |       |       |     2 |     1 |       |       |       |       ||     3
       Reject Sacrifices |       |       |       |       |     2 |     1 |     2 |     1 |       ||     6
       Sacrifice Love    |       |       |       |       |     1 |       |       |       |       ||     1
       Apocalypse        |       |       |       |       |     2 |       |     4 |     3 |     2 ||    11
       Draw Out Power    |       |       |       |       |     1 |     1 |       |       |       ||     2
 Abil: Evoke Berserk Rag |       |       |       |       |     2 |     3 |     2 |     6 |     1 ||    14
       Fly               |       |       |       |       |       |     1 |       |       |       ||     1
Evoke: Wand              |       |       |    16 |    15 |     3 |       |     1 |     5 |       ||    40
       Phial of floods   |       |       |       |     1 |     1 |       |       |       |       ||     2
       Lightning rod     |       |       |       |       |       |     1 |       |       |       ||     1
  Use: Scroll            |       |     7 |     6 |     9 |    14 |    10 |     4 |    20 |     1 ||    71
       Potion            |       |       |       |     3 |     2 |       |       |     3 |     1 ||     9
 Stab: Sleeping          |     2 |     1 |       |       |       |       |       |       |       ||     3
       Confused          |       |       |     2 |       |     1 |     1 |       |       |       ||     4
       Petrified         |       |       |       |    11 |       |     5 |       |       |       ||    16
       Distracted        |       |       |       |     3 |     8 |    14 |     6 |     3 |     1 ||    35
       Invisible         |       |       |       |       |     4 |       |     3 |     3 |     3 ||    13
       Paralysed         |       |       |       |       |     4 |       |     2 |     8 |     1 ||    15
  Eat: Chunk             |     2 |     5 |    12 |    14 |    37 |    27 |    28 |    19 |     7 ||   151
       Ration            |       |     1 |     1 |     5 |     1 |     2 |     1 |     7 |       ||    18
Armor: Scale mail        |    48 |       |       |       |       |       |       |       |       ||    48
       Leather armour    |    28 |     8 |       |       |       |       |       |       |       ||    36
       Plate armour      |       |   165 |   345 |   385 |   554 |   501 |   335 |    36 |       ||  2321
       Crystal plate arm |       |       |       |       |       |       |       |   556 |   116 ||   672
Dodge: Dodged            |    36 |    19 |    33 |    81 |   125 |   262 |   283 |   388 |    62 ||  1289
       Deflected         |       |       |       |       |     3 |    15 |    38 |     2 |       ||    58
Block: Shield            |    58 |    16 |       |       |       |       |       |       |       ||    74
       Large shield      |       |   224 |   452 |   762 |  1313 |  1211 |  1029 |  1939 |   439 ||  7369
